Map: 파라 사이트 - 래더

Players

lIIllllIIlll (INnoVation) - Winner!

  • Race: Terran Terran
  • League: Master
  • Spawn Location: 11:00

Creator

  • Race: Protoss Protoss
  • League: Master
  • Spawn Location: 5:00

Event: HomeStory Cup XVIII

VOD

Have the link to the VOD?

Description

Time

  • Played on: Nov. 22, 2018, 2:44 p.m.
  • Length: 13:40

All games in this series

Show
View Real Time Build Order
Export as new Build Order

lIIllllIIlll Terran - Winner!

Build Orders: Cyclone Opening 

Get SALT Encoding   

  12  0:00  SCV  
  13  0:12  SCV  
  14  0:17  Supply Depot  
  14  0:24  SCV  
  15  0:38  SCV  
  15  0:39  Barracks  
  16  0:44  Refinery  
  16  0:50  SCV  
  16  0:54  Refinery  
  17  1:02  SCV  
  18  1:15  SCV  
  19  1:26  Reaper  
  19  1:27  Orbital Command  
  20  1:38  Supply Depot  
  20  1:43  Factory  
  20  1:52  SCV  
  21  2:04  SCV  
  22  2:16  SCV  
  22  2:21  Command Center  
  23  2:27  Factory Tech Lab  
  23  2:28  SCV  
  24  2:33  Barracks Reactor  
  24  2:41  SCV  
  25  2:45  Cyclone  
  25  2:49  Supply Depot  
  27  2:53  SCV  
  28  3:00  Starport  
  28  3:05  SCV  
  31  3:17  SCV  
  30  3:25  Widow Mine x2, Barracks Tech Lab  
  34  3:29  SCV  
  34  3:33  Orbital Command  
  35  3:41  Cloaking Field, Banshee, SCV  
  35  3:46  Widow Mine  
  35  3:47  Widow Mine  
  43  3:51  Stimpack  
  43  3:52  Marine  
  44  3:56  SCV  
  44  3:59  SCV  
  44  4:02  Supply Depot  
  46  4:08  SCV  
  47  4:11  Barracks, SCV  
  47  4:12  Marine  
  49  4:22  SCV  
  49  4:23  SCV  
  51  4:24  Banshee  
  51  4:27  Barracks  
  54  4:32  Factory Reactor  
  54  4:34  Engineering Bay, Marine  
  54  4:37  SCV x2  
  57  4:41  Refinery  
  57  4:42  Supply Depot  
  57  4:49  SCV x2  
  57  4:51  Marine  
  57  4:52  Bunker  
  60  5:01  Terran Infantry Weapons Level 1, SCV x2  
  60  5:03  Supply Depot, Marine x2  
  64  5:10  Widow Mine x2  
  64  5:13  SCV  
  69  5:15  SCV  
  69  5:18  Starport Reactor  
  70  5:22  Combat Shield  
  70  5:24  Marine x2  
  70  5:25  Supply Depot  
  70  5:27  Refinery  
  72  5:29  SCV x2  
  74  5:38  Marauder x2  
  78  5:47  Widow Mine x2, Marine x2, SCV x2  
  78  5:48  Supply Depot  
  78  5:49  Supply Depot  
  86  5:57  Supply Depot, Concussive Shells  
  86  6:10  Widow Mine x2, Marauder, Marine, Medivac  
  86  6:11  Marine, Marauder, Medivac  
  98  6:19  Supply Depot  
  98  6:20  Supply Depot  
  98  6:28  Marine x2  
  98  6:32  Widow Mine x2, Marauder x2  
  105  6:40  Medivac  
  105  6:41  Medivac  
  105  6:42  Supply Depot  
  105  6:45  Supply Depot  
  109  6:51  Marine  
  109  6:53  Marine, Marauder  
  109  6:54  Marauder  
  115  6:55  Terran Infantry Armor Level 1  
  115  6:57  Widow Mine  
  115  6:58  Widow Mine  
  115  7:09  Marine  
  115  7:11  Marine  
  115  7:14  Marauder  
  115  7:15  Marauder  
  121  7:18  Supply Depot  
  121  7:19  Widow Mine x2  
  121  7:21  Medivac  
  121  7:22  Medivac  
  114  7:34  Marine  
  114  7:36  Marauder x2  
  107  7:40  Widow Mine x2  
  93  7:52  Command Center  
  93  7:57  Medivac x2  
  95  8:02  Widow Mine x2  
  99  8:06  Marauder x2  
  99  8:07  Marine  
  99  8:09  Marine  
  105  8:13  Liberator  
  105  8:14  Liberator  
  105  8:23  Widow Mine x2  
  105  8:25  Barracks  
  105  8:26  Barracks  
  115  8:37  Marine x2, Marauder x2  
  121  8:44  Widow Mine x2  
  110  8:55  Marine x2  
  103  8:58  Marauder x2, SCV x2  
  96  9:05  Orbital Command  
  96  9:06  Widow Mine x2  
  89  9:10  Armory, SCV x2  
  89  9:12  Factory  
  89  9:14  Barracks Reactor, Barracks Tech Lab  
  87  9:22  SCV  
  87  9:23  SCV  
  87  9:25  Missile Turret, Medivac  
  85  9:32  Medivac  
  85  9:33  Marine x4  
  85  9:34  Marine  
  85  9:35  Missile Turret  
  92  9:39  Missile Turret  
  92  9:41  SCV  
  92  9:42  SCV x2  
  91  9:53  Widow Mine  
  91  9:54  Widow Mine  
  91  9:57  SCV x3  
  91  9:58  Missile Turret  
  99  10:00  Factory Tech Lab, Marauder x3  
  99  10:03  Terran Infantry Weapons Level 2  
  99  10:04  Marine  
  99  10:05  Marine  
  99  10:06  Marine  
  106  10:14  Refinery  
  106  10:15  Widow Mine x2  
  106  10:19  Refinery, Drilling Claws  
  106  10:20  Widow Mine  
  114  10:21  Marauder x2  
  114  10:24  Marauder  
  114  10:26  Marine x3  
  121  10:28  Marine  
  122  10:36  Supply Depot, Medivac  
  122  10:37  Supply Depot  
  122  10:38  Medivac  
  122  10:41  Widow Mine  
  129  10:43  Widow Mine  
  129  10:46  Marine x4  
  129  10:48  Widow Mine  
  134  10:52  Marauder  
  134  10:53  Marauder  
  138  10:58  Marauder  
  138  11:01  Supply Depot  
  138  11:03  Widow Mine  
  144  11:04  Widow Mine  
  144  11:07  Medivac  
  144  11:09  Widow Mine  
  144  11:10  Medivac  
  149  11:20  Marauder x2  
  149  11:21  Marauder  
  149  11:22  Marine x4  
  159  11:27  Widow Mine x2  
  159  11:31  Widow Mine  
  165  11:34  Supply Depot x2, Factory  
  165  11:40  Medivac x2  
  169  11:48  Widow Mine x2, Marauder  
  169  11:49  Marauder x2  
  169  11:52  Widow Mine, Marine x3  
  169  11:53  Marine  
  181  12:10  Widow Mine x2  
  187  12:15  Widow Mine  
  180  12:25  Widow Mine  
  180  12:26  SCV x2  
  171  12:31  Widow Mine x2  
  171  12:33  Marauder x3  
  171  12:36  Marine x2  
  171  12:37  Widow Mine, Marine x2  
  173  12:46  Widow Mine  
  169  12:52  Widow Mine  
  169  12:53  Widow Mine  
  169  12:54  SCV  
  169  12:55  SCV x2  
  163  13:04  Marine x3, Marauder x2  
  136  13:11  Widow Mine  
  136  13:12  Widow Mine  
Show
View Real Time Build Order
Export as new Build Order

Creator Protoss 

Build Orders: 1 Gate Expand, Oracle Opening, Phoenix Opening, Chargelot Immortal 

Get SALT Encoding   

  12  0:00  Probe  
  13  0:12  Probe  
  14  0:17  Pylon  
  14  0:24  Probe  
  15  0:32  Probe  
  15  0:37  Gateway  
  15  0:40  Probe  
  16  0:47  Assimilator  
  17  0:51  Probe  
  18  1:03  Probe  
  19  1:15  Probe  
  20  1:21  Nexus  
  20  1:32  Cybernetics Core  
  20  1:35  Probe  
  21  1:41  Assimilator  
  21  1:47  Pylon  
  21  1:50  Probe  
  22  1:59  Adept  
  22  2:02  Probe  
  24  2:14  Probe  
  25  2:16  Stargate  
  25  2:25  Adept  
  25  2:26  Probe  
  28  2:30  Warp Gate  
  28  2:33  Probe  
  29  2:39  Probe  
  29  2:43  Probe  
  30  2:51  Probe x2  
  32  2:52  Stalker  
  32  2:56  Pylon  
  35  2:59  Oracle  
  35  3:00  Probe  
  35  3:03  Probe  
  40  3:16  Probe x2  
  42  3:26  Probe x2  
  42  3:34  Pylon, Probe  
  42  3:35  Probe  
  42  3:36  Phoenix  
  46  3:42  Gateway  
  46  3:43  Probe x2  
  46  3:47  Shield Battery  
  48  3:55  Probe x2  
  50  3:57  Phoenix  
  51  4:07  Probe x2  
  53  4:10  Robotics Facility  
  53  4:17  Assimilator  
  53  4:18  Assimilator  
  53  4:19  Probe x2  
  53  4:22  Phoenix  
  55  4:35  Stalker  
  55  4:36  Zealot  
  55  4:37  Probe x2  
  55  4:38  Pylon  
  61  4:49  Shield Battery  
  61  4:51  Shield Battery, Observer  
  61  4:54  Nexus  
  61  4:56  Pylon  
  61  4:59  Sentry  
  63  5:02  Immortal  
  63  5:07  Twilight Council  
  67  5:19  Gateway  
  67  5:21  Gateway  
  67  5:27  Probe x2  
  69  5:33  Zealot x2  
  69  5:34  Charge  
  73  5:38  Pylon  
  73  5:41  Phoenix  
  74  5:47  Observer  
  75  5:54  Probe x2  
  77  6:04  Phoenix  
  77  6:05  Probe  
  77  6:06  Probe x2, Immortal  
  84  6:16  Zealot x2  
  87  6:21  Probe  
  87  6:23  Shield Battery, Probe x2  
  90  6:27  Templar Archives  
  90  6:28  Zealot, Sentry  
  90  6:29  Probe  
  94  6:35  Probe x2  
  94  6:39  Pylon  
  96  6:43  Stalker x2  
  100  6:47  Warp Prism  
  100  6:57  Phoenix  
  100  6:58  Sentry  
  106  7:05  Stalker  
  104  7:08  Zealot  
  104  7:09  Zealot  
  104  7:14  Gateway  
  108  7:15  Gateway  
  108  7:17  Gateway  
  108  7:21  Observer  
  108  7:22  Phoenix  
  104  7:26  Zealot  
  87  7:30  Zealot x3  
  87  7:35  Immortal  
  87  7:43  Phoenix, Probe  
  87  7:47  Probe x2  
  87  7:50  Forge  
  88  7:52  Probe  
  88  7:53  Forge  
  88  7:56  High Templar x2, Zealot  
  88  7:57  Zealot  
  97  7:59  Probe x2  
  97  8:02  Archon  
  98  8:06  Phoenix  
  98  8:08  Pylon  
  98  8:09  Zealot  
  98  8:11  Zealot x2  
  106  8:16  Protoss Ground Armor Level 1  
  106  8:18  Shield Battery, Zealot  
  108  8:21  Pylon  
  108  8:26  Warp Prism  
  110  8:31  Phoenix, Pylon  
  112  8:38  Pylon  
  112  8:39  Protoss Ground Weapons Level 1  
  112  8:44  Zealot x4  
  112  8:45  Zealot  
  122  8:54  Zealot x2  
  115  8:56  Phoenix  
  111  9:06  Zealot  
  111  9:07  Zealot  
  115  9:12  Immortal  
  115  9:15  Probe x3  
  120  9:17  Zealot  
  120  9:21  Phoenix  
  122  9:39  Sentry  
  122  9:40  Nexus, Zealot x4  
  122  9:43  Probe x3  
  135  9:52  Immortal  
  137  9:53  Protoss Ground Armor Level 2  
  137  9:57  Blink  
  135  10:02  Pylon  
  135  10:06  Probe x3  
  138  10:09  Sentry  
  140  10:18  Pylon, Protoss Ground Weapons Level 2  
  140  10:19  Pylon  
  140  10:22  Stalker x2  
  140  10:23  Zealot x2  
  140  10:25  Probe  
  149  10:29  Pylon  
  149  10:32  Observer  
  149  10:36  Probe x2  
  149  10:39  Immortal  
  149  10:54  Zealot x3  
  149  10:55  Zealot  
  155  11:00  Assimilator x2  
  155  11:01  Gateway  
  155  11:02  Gateway  
  155  11:12  Fleet Beacon  
  155  11:14  Assimilator  
  155  11:15  Assimilator  
  155  11:17  Warp Prism  
  155  11:19  Stargate  
  155  11:25  Psionic Storm  
  155  11:46  Photon Cannon, High Templar  
  157  11:50  Observer  
  155  11:54  Probe  
  155  11:57  Photon Cannon  
  155  11:58  Probe x3  
  153  12:03  Probe  
  153  12:07  High Templar x2  
  158  12:10  Probe x2  
  160  12:17  Zealot x5  
  160  12:18  Zealot x2  
  174  12:25  Immortal  
  133  12:42  Zealot x9  
  128  13:04  Observer  
  94  13:06  Probe x3, Stalker x5  
  94  13:07  Stalker x3  
  94  13:10  Probe  
  104  13:27  High Templar  
  96  13:37  Zealot x5  
Tags
 
Add a new tag
Caveats
  • Supply blocks, unpowered buildings, or Contaminate may cause inaccurate times.
  • Supply counts are checked every 10 seconds.